Map: Frozen Temple

Players

TRAGIC

  • Race: Terran Terran
  • League: Master

Miszu - Winner!

  • Race: Protoss Protoss
  • League: Master

VOD

Have the link to the VOD?

Description

Time

  • Played on: April 3, 2016, 3:50 p.m.
  • Length: 14:42
Show
View Real Time Build Order
Export as new Build Order

TRAGIC Terran 

Build Orders: MMM Bio 

Get SALT Encoding   

  12  0:01  SCV  
  13  0:13  SCV  
  14  0:18  Supply Depot  
  14  0:25  SCV  
  15  0:39  SCV  
  15  0:41  Barracks  
  16  0:45  Refinery  
  16  0:51  SCV  
  17  1:03  SCV  
  18  1:16  SCV  
  19  1:28  Orbital Command  
  19  1:29  Barracks Reactor  
  19  1:42  Command Center  
  19  1:54  Supply Depot, SCV  
  20  2:05  Marine x2  
  22  2:12  Factory  
  22  2:14  SCV  
  23  2:20  Refinery  
  23  2:23  Marine x2  
  23  2:28  SCV  
  26  2:40  SCV  
  26  2:41  Marine x2  
  29  2:53  SCV  
  29  2:54  Orbital Command  
  29  2:57  Starport  
  30  3:00  Widow Mine  
  32  3:06  SCV  
  32  3:07  Marine  
  32  3:09  Marine  
  35  3:18  SCV  
  36  3:21  SCV  
  36  3:25  Marine  
  37  3:27  Marine  
  37  3:29  Widow Mine  
  37  3:34  SCV x2  
  42  3:37  Medivac  
  44  3:44  Supply Depot, Marine  
  44  3:45  Marine  
  46  4:05  Marine x2, SCV x2  
  50  4:10  Barracks  
  50  4:11  Barracks  
  50  4:13  Factory Tech Lab  
  50  4:17  SCV  
  50  4:20  Supply Depot, Starport Tech Lab, SCV  
  52  4:26  Bunker  
  52  4:27  Marine x2  
  54  4:39  Supply Depot  
  54  4:42  SCV x2  
  56  4:48  Marine x2  
  58  4:53  Refinery  
  58  4:54  SCV  
  58  4:58  SCV  
  60  5:03  Medivac  
  60  5:06  SCV, Factory Reactor  
  63  5:14  Command Center  
  61  5:24  Marine x4  
  61  5:25  Stimpack, Combat Shields  
  61  5:27  SCV x2  
  65  5:39  SCV x2  
  67  5:43  Barracks x2  
  66  5:51  Marauder x2  
  66  5:52  Marine x2  
  69  6:05  Refinery  
  69  6:09  Factory Tech Lab  
  69  6:11  Marine  
  69  6:15  Supply Depot  
  69  6:16  Supply Depot  
  70  6:22  Marine  
  69  6:25  Medivac x2  
  69  6:26  Marauder x2  
  69  6:28  Engineering Bay  
  69  6:29  Engineering Bay  
  77  6:33  Barracks Reactor, Barracks Tech Lab  
  77  6:41  SCV x2  
  79  6:53  Marauder x2  
  83  6:54  Concussive Shells  
  83  7:00  Marine x2  
  87  7:01  Marauder  
  87  7:05  Liberator  
  87  7:06  SCV x2  
  87  7:07  Orbital Command  
  89  7:14  Marine x2  
  89  7:15  Marauder  
  93  7:22  Marine x2, Marauder  
  99  7:35  Marauder  
  101  7:37  Terran Infantry Weapons Level 1  
  101  7:38  Terran Infantry Armor Level 1  
  101  7:42  Supply Depot  
  101  7:45  Marine x2  
  101  7:46  Marauder, SCV x3  
  108  7:51  Marine  
  109  7:59  Armory  
  109  8:00  Supply Depot  
  109  8:01  Supply Depot  
  109  8:04  Marauder, Marine, Siege Tank, SCV x2  
  115  8:21  Marine x3, Marauder  
  115  8:22  Marauder  
  115  8:25  Medivac x2  
  115  8:26  Marauder  
  126  8:30  Supply Depot  
  126  8:31  Supply Depot, Refinery  
  126  8:40  Liberator x2  
  107  8:56  Marine x3, Marauder x3  
  114  9:04  SCV x3  
  117  9:10  Supply Depot  
  117  9:12  Supply Depot  
  115  9:21  Marine x2, Marauder  
  115  9:22  Marine x2, Marauder x2  
  110  9:25  SCV x3  
  83  9:39  Marine x2  
  83  9:43  Marauder x2  
  83  9:45  SCV x3  
  91  9:55  Marine x3  
  91  9:57  SCV x2  
  96  10:01  Terran Infantry Weapons Level 2  
  96  10:04  Marauder  
  98  10:07  Terran Infantry Armor Level 2  
  98  10:11  SCV x2  
  100  10:15  Marine x4  
  100  10:17  Liberator x2  
  100  10:18  SCV  
  105  10:23  SCV x2  
  107  10:33  Siege Tank  
  107  10:35  Marine x3  
  118  10:36  Marauder  
  105  10:57  Marine x3, Marauder x2  
  105  10:58  Marine, Marauder  
  115  11:04  SCV x3  
  115  11:08  Supply Depot  
  118  11:15  Marine  
  118  11:16  Refinery  
  118  11:17  Medivac x2  
  123  11:20  Command Center  
  117  11:32  SCV x3  
  116  11:36  Marine x4, Marauder x3  
  125  11:44  SCV x3  
  125  11:46  Liberator x2  
  128  11:56  SCV x3  
  127  12:04  Siege Tank  
  127  12:05  Marine x4, Marauder x3  
  146  12:10  Starport  
  146  12:11  Supply Depot  
  146  12:14  Command Center  
  135  12:26  Marauder x2  
  135  12:29  Marine, Liberator x2  
  130  12:30  Marine, Marauder  
  114  12:41  Siege Tank  
  114  12:48  Marauder x2  
  124  12:51  Marine x3  
  124  12:52  Marauder  
  129  13:03  Marine  
  130  13:09  Marine, Marauder  
  127  13:13  Marauder  
  88  13:29  Medivac x2  
  79  13:40  Marine x3  
  79  13:41  Marine, Marauder  
  78  13:42  Marauder x2  
  54  14:16  Marine x4  
  53  14:17  Marauder x2  
  53  14:20  Marine  
Show
View Real Time Build Order
Export as new Build Order

Miszu Protoss - Winner!

Build Orders: 1 Gate Expand 

Get SALT Encoding   

  12  0:01  Probe (Chrono Boost)  
  13  0:12  Probe (Chrono Boost)  
  14  0:18  Pylon  
  14  0:23  Probe (Chrono Boost)  
  15  0:36  Probe (Chrono Boost)  
  15  0:39  Gateway  
  16  0:47  Probe (Chrono Boost)  
  17  0:57  Probe (Chrono Boost)  
  19  1:14  Nexus  
  18  1:19  Assimilator  
  18  1:24  Probe (Chrono Boost)  
  19  1:31  Cybernetics Core  
  19  1:37  Probe (Chrono Boost)  
  20  1:45  Pylon  
  20  1:47  Probe (Chrono Boost)  
  21  1:55  Assimilator  
  21  1:58  Probe (Chrono Boost)  
  23  2:08  Probe (Chrono Boost)  
  23  2:11  Warp Gate  
  23  2:14  Adept  
  25  2:19  Probe (Chrono Boost)  
  26  2:26  Probe (Chrono Boost)  
  26  2:29  Probe (Chrono Boost)  
  28  2:37  Mothership Core (Chrono Boost)  
  28  2:40  Probe (Chrono Boost)  
  31  2:50  Probe (Chrono Boost)  
  34  2:55  Robotics Facility  
  34  2:56  Probe (Chrono Boost)  
  33  3:01  Probe (Chrono Boost)  
  34  3:06  Pylon, Probe (Chrono Boost)  
  34  3:11  Probe (Chrono Boost)  
  36  3:17  Probe (Chrono Boost)  
  39  3:22  Probe (Chrono Boost)  
  40  3:27  Probe (Chrono Boost)  
  40  3:33  Probe (Chrono Boost)  
  42  3:35  Gateway  
  42  3:36  Gateway  
  42  3:38  Stalker, Probe (Chrono Boost)  
  43  3:42  Observer  
  43  3:43  Probe (Chrono Boost)  
  43  3:48  Pylon  
  45  3:53  Pylon  
  46  3:55  Probe (Chrono Boost)  
  46  3:56  Probe (Chrono Boost)  
  47  4:03  Observer  
  48  4:12  Probe x2 (Chrono Boost)  
  50  4:21  Nexus, Stalker  
  52  4:25  Observer, Pylon  
  52  4:30  Stalker  
  52  4:31  Stalker  
  57  4:33  Probe x2 (Chrono Boost)  
  59  4:43  Probe (Chrono Boost)  
  59  4:47  Probe (Chrono Boost)  
  59  4:51  Assimilator  
  59  4:52  Assimilator  
  61  4:54  Immortal  
  61  4:57  Probe (Chrono Boost)  
  61  4:59  Forge  
  65  5:00  Probe (Chrono Boost)  
  65  5:01  Forge  
  65  5:06  Pylon  
  66  5:08  Probe (Chrono Boost)  
  66  5:11  Probe (Chrono Boost)  
  68  5:20  Stalker x3  
  74  5:28  Probe x2 (Chrono Boost)  
  76  5:35  Protoss Ground Armor Level 1 (Chrono Boost)  
  76  5:36  Protoss Ground Weapons Level 1 (Chrono Boost), Probe (Chrono Boost)  
  76  5:38  Probe (Chrono Boost)  
  76  5:39  Gateway  
  76  5:41  Probe (Chrono Boost)  
  76  5:42  Gateway  
  78  5:46  Probe (Chrono Boost)  
  78  5:49  Probe (Chrono Boost)  
  80  5:53  Probe (Chrono Boost)  
  80  5:56  Adept x2  
  86  5:57  Adept, Immortal  
  86  5:59  Probe (Chrono Boost)  
  92  6:14  Pylon  
  92  6:15  Gateway  
  92  6:18  Gateway  
  87  6:25  Twilight Council  
  84  6:28  Probe x3  
  87  6:33  Immortal  
  91  6:40  Probe x3  
  91  6:46  Pylon  
  94  6:52  Probe x3  
  97  6:56  Assimilator  
  97  6:57  Sentry  
  97  6:58  Adept  
  97  6:59  Assimilator  
  101  7:03  Resonating Glaives (Chrono Boost)  
  101  7:04  Probe x2  
  103  7:12  Immortal  
  103  7:14  Adept  
  103  7:15  Adept x2  
  109  7:34  Protoss Ground Armor Level 2, Protoss Ground Weapons Level 2  
  109  7:35  Probe  
  109  7:36  Adept x2, Pylon  
  114  7:39  Adept  
  114  7:42  Pylon  
  116  7:44  Pylon  
  116  7:48  Pylon  
  116  7:49  Pylon  
  116  7:53  Warp Prism  
  118  7:59  Adept x3, Templar Archives  
  124  8:07  Gateway  
  124  8:10  Gateway  
  123  8:14  Gateway  
  112  8:26  Probe x3  
  115  8:30  Immortal  
  115  8:33  Adept  
  115  8:34  Adept x2  
  123  8:38  Probe x3  
  113  8:50  Adept x4  
  113  8:57  Probe x2  
  115  9:07  Adept x2  
  115  9:08  Adept  
  121  9:12  Probe x2  
  121  9:13  Probe  
  124  9:24  Probe x2  
  113  9:25  Probe  
  103  9:36  Probe  
  103  9:37  Probe  
  97  9:40  Adept x5  
  97  9:41  Stalker x2  
  105  9:52  Probe x2  
  105  9:53  Psionic Storm, Probe  
  105  9:56  Stargate  
  104  10:01  Blink (Chrono Boost)  
  104  10:04  Probe x2  
  104  10:05  Probe  
  107  10:07  High Templar x4, Pylon  
  115  10:17  Probe  
  116  10:26  Stalker x5  
  126  10:32  Zealot  
  128  10:43  Adept x3  
  112  11:02  Adept  
  112  11:03  Adept  
  116  11:04  High Templar x3, Pylon  
  116  11:05  High Templar, Zealot x2  
  128  11:15  Nexus  
  128  11:16  Pylon  
  122  11:34  Adept x3  
  122  11:35  Adept  
  122  11:39  Stalker x6  
  140  11:43  Pylon, Probe x2  
  143  11:49  Mothership Core  
  143  11:51  Void Ray  
  146  12:03  Immortal  
  142  12:43  Adept x5  
  142  12:44  High Templar, Void Ray  
  148  12:45  High Templar x2  
  148  12:46  Immortal  
  148  12:49  Probe  
  148  12:50  Probe x3  
  160  12:59  Stalker x2, Probe  
  160  13:02  Probe  
  144  13:46  Stalker x5  
  144  13:47  Adept x2, Zealot x2  
  144  13:48  Adept  
  160  14:01  Assimilator  
  154  14:31  Adept x2  
  154  14:32  Stalker x4  
  154  14:33  Adept x4  
Tags
 
Composition
MMM Bio
Matchup
PvT
Player
Miszu
Add a new tag
Caveats
  • Supply blocks, unpowered buildings, or Contaminate may cause inaccurate times.
  • Supply counts are checked every 10 seconds.